 Dungeon Crawl Stone Soup version 0.21-a0-583-g2c32b0f (webtiles) character file.

60 Coron the Charmwright (level 3, -4/32 HPs)
             Began as a Deep Dwarf Skald on Dec 20, 2017.
             Slain by a gnoll
             ... wielding a +0 halberd
              (12 damage)
             ... on level 2 of the Dungeon.
             The game lasted 00:02:42 (882 turns).

Coron the Charmwright (Deep Dwarf Skald)             Turns: 882, Time: 00:02:43

Health: -4/32      AC:  5    Str: 15    XL:     3   Next: 80%
Magic:  6/6        EV: 11    Int: 13    God:
Gold:   43         SH:  0    Dex: 12    Spells: 5/6 levels left

rFire    . . .     SeeInvis .   f - +1 hand axe (venom)
rCold    . . .     Gourm    .   (no shield)
rNeg     . . .     Faith    .   j - +0 ring mail
rPois    .         Spirit   .   (no helmet)
rElec    .         Reflect  .   (no cloak)
rCorr    .         Harm     .   (no gloves)
MR       .....                  (no boots)
Stlth    +.........             (no amulet)
HPRegen  0.00/turn              (no ring)
MPRegen  0.10/turn              (no ring)

@: lethally poisoned (-4 -> -4), non-regenerating
A: damage resistance, heal wounds, sense surroundings 1, no regeneration
a: Heal Wounds


You were on level 2 of the Dungeon.
You were not hungry.

You visited 1 branch of the dungeon, and saw 2 of its levels.

You collected 43 gold pieces.

Inventory:

Hand Weapons
 a - a +0 hand axe
 f - a +1 hand axe of venom (weapon)
Armour
 b - a +0 leather armour
 j - a +0 ring mail (worn)
 k - a +0 scale mail
Scrolls
 e - 2 scrolls of identify
Potions
 g - 2 potions of curing
 i - a potion of magic {unknown}
Books
 c - a book of Battle

   Spells                             Type                      Level
   a - Infusion                       Charms                       1
   b - Shroud of Golubria             Charms/Translocation         2
   c - Song of Slaying                Charms                       2
   d - Spectral Weapon                Hexes/Charms                 3
   e - Regeneration                   Charms/Necromancy            3
Comestibles
 d - 5 rations
 h - 3 chunks of flesh


   Skills:
 - Level 2.0 Fighting
 - Level 2.2 Axes
 + Level 3.1 Armour
 - Level 2.2 Dodging
 - Level 2.0 Spellcasting
 - Level 3.1 Charms


You had 5 spell levels left.
You knew the following spells:

 Your Spells              Type           Power        Failure   Level  Hunger
a - Infusion              Chrm           #...         13%         1    ##.....


Dungeon Overview and Level Annotations

Branches:
Dungeon (2/15)

Altars:


Innate Abilities, Weirdness & Mutations

You are resistant to damage.
You can heal yourself by infusing magical energy.
You passively map a small area around you.
You do not regenerate.


Message History

The adder moves out of view.
You see here a ration.
d - 5 rations (gained 1)
The adder completely misses you.
You closely miss the adder.
The gnoll shouts!
The adder bites you.
You miss the adder. The adder closely misses you. The adder bites you.
You hit the adder but do no damage.
The adder is poisoned.
The adder bites you.
You are poisoned.
The adder poisons you!
You miss the adder. The adder barely misses you. x2
You closely miss the adder. The adder barely misses you.
The gnoll hits you from afar with a halberd!
* * * LOW HITPOINT WARNING * * *
You closely miss the adder. The adder bites you.
You are more poisoned.
The adder poisons you! The adder closely misses you.
The gnoll hits you from afar with a halberd!
You die...

, * *....#.#### *
#.......# ,
..#........#####.###...#
,..#..............#
#...# ............######
#...# ,............####
#...# *, ..............#
##### *, ....g.....)...#
# , ###....)....# ** *#
,, #..S@........... , ,
.....###.......##.. *
#### * ####....# *. *
#....# , #....# #....# ,
....# *


You could see a gnoll and an adder.

Vanquished Creatures
  Terence (D:2)
  An adder (D:2)
  A bat (D:1)
  A giant cockroach (D:2)
  4 goblins (D:1)
  3 hobgoblins
  3 kobolds
  A quokka (D:2)
  2 frilled lizards (D:1)
  9 rats
26 creatures vanquished.

Notes
Turn   | Place    | Note
-------+----------+-------------------------------------------
     0 | D:1      | Coron the Deep Dwarf Skald began the quest for the Orb.
     0 | D:1      | Reached XP level 1. HP: 19/19 MP: 3/3
     0 | D:1      | Noticed a draconian
     0 | D:1      | Noticed a vine stalker
     3 | D:1      | Noticed a vampire
     3 | D:1      | Noticed a spriggan
     4 | D:1      | Noticed a centaur
     8 | D:1      | Noticed a felid
     9 | D:1      | Noticed a draconian
    10 | D:1      | Noticed a gargoyle
    11 | D:1      | Noticed a gargoyle
    13 | D:1      | Noticed a spriggan
    15 | D:1      | Noticed a human
    16 | D:1      | Noticed a draconian
    17 | D:1      | Noticed an elf
    17 | D:1      | Noticed a ghoul
    19 | D:1      | Noticed a vampire
    19 | D:1      | Noticed a spriggan
    19 | D:1      | Noticed a troll
    23 | D:1      | Noticed an elf
   166 | D:1      | Reached XP level 2. HP: 23/26 MP: 4/4
   806 | D:2      | Reached XP level 3. HP: 20/32 MP: 6/6
   857 | D:2      | Noticed Terence
   865 | D:2      | Killed Terence
   882 | D:2      | Slain by a gnoll

Vault maps used:
D:1:      shiori_arrival_whats_in_store_for_you
D:2:      nicolae_underground_beach, uniq_terence

Skill      XL: |  1  2  3 |
---------------+----------+-----
Fighting       | 2 |  2.0
Spellcasting   | 2 |  2.0
Charms         | 3 |  3.1
Armour         | 2 3 |  3.1
Axes           | |  2.2
Dodging        | |  2.2

Action                   || total
-------------------------++-------
Melee: Hand axe          ||    64
 Cast: Infusion          ||     1
  Use: Scroll            ||     2
 Stab: Sleeping          ||     1
Armor: Leather armour    ||     8
       Ring mail         ||     5
Dodge: Dodged            ||    38

Table legend:
 A = Spawn XP
 B = Non-spawn XP
 C = Spawn XP percentage of total XP
 D = Spawn monster count
 E = Non-spawn monster count
 F = Spawn count percentage of total count
 G = Total turns spent on level
                    A         B        C        D         E        F      G
               +---------+---------+-------+---------+---------+-------+---------
         Total |       0 |      86 |   0.0 |       0 |      26 |   0.0 |   882
               +---------+---------+-------+---------+---------+-------+---------
           D:1 |       0 |      27 |   0.0 |       0 |      18 |   0.0 |   724
           D:2 |       0 |      59 |   0.0 |       0 |       8 |   0.0 |   158
               +---------+---------+-------+---------+---------+-------+---------
